Match 46771743
Unlisted

Match 46771743
End
Selects Special Operations Battlegroup
Selects M29 Weasel Recon Vehicle
M29 Weasel Recon Vehicle
Construct Weapon Support Center
M1919 Machine Gun Team
M1919 Machine Gun Team
Bazooka Squad
Mechanized Support Center
Selects Raiding Flares
M3 Armored Personnel Carrier
Construct Medical Station
Scout Squad
Scout Squad
Engineer Squad
Designate Forward Repair Station
Selects SSF Commando Squad
SSF Commando Squad
SSF Commando Squad
Construct Tank Depot
Selects P-47 Anti-Infantry Loiter
Selects UNKNOWN (2162291)
M18 Hellcat Tank Destroyer
M18 Hellcat Tank Destroyer
Selects Air Re-supply Operation
SSF Commando Squad
Friend Simulator
Corrupted Sun
WilllTHENOOBz
aSIIDemolitionHammer
0
0

Comments sign in to comment!

No comments posted yet!